 Dungeon Crawl Stone Soup version 0.30-a0-137-gd8773701ce (webtiles) character file.

Game seed: 17466380612054917447

1698 jlumianski the Chopper (level 9, -1/52 HPs)
             Began as a Gargoyle Gladiator on Sept 21, 2022.
             Was an Initiate of Qazlal.
             Slain by jejorda2's ghost (16 damage)
             ... on level 4 of the Dungeon.
             The game lasted 00:21:36 (5678 turns).

jlumianski the Chopper (Gargoyle Gladiator)         Turns: 5678, Time: 00:21:36

Health: -1/52      AC: 22    Str: 22    XL:     9   Next: 3%
Magic:  9/9        EV:  7    Int:  9    God:    Qazlal [......]
Gold:   327        SH:  0    Dex: 11    Spells: 8/8 levels left

rFire   . . .      SeeInvis +    a - +1 war axe (venom)
rCold   . . .      Faith    .    (no shield)
rNeg    + . .      Spirit   .    f - +0 plate armour
rPois   ∞          Reflect  .    o - +2 helmet
rElec   +          Harm     .    (no cloak)
rCorr   .          Rampage  .    (no gloves)
Will    .....                    (no boots)
Stlth   ..........               m - amulet of regeneration
HPRegen 0.97/turn                p - ring of see invisible
MPRegen 0.11/turn                (no ring)

@: no status effects
A: sickness immunity, AC +6, negative energy resistance 1, electricity
resistance, torment resistance 1, petrification resistance
a: Renounce Religion


You were on level 4 of the Dungeon.
You worshipped Qazlal.
Qazlal was noncommittal.
You visited 2 branches of the dungeon, and saw 7 of its levels.

You collected 327 gold pieces.

Inventory:

Hand Weapons
 a - a +1 war axe of venom (weapon)
 n - a +1 spear of freezing
 r - a +1 flail of protection
 v - a +0 arbalest
 w - the +5 long sword of Dithmenos's Delight {vamp, Fragile Dex+5}
   (You found it on level 4 of the Dungeon)

   It occasionally heals its wielder for a portion of the damage dealt when it
   wounds a living foe.
   Dex:       It affects your dexterity (+5).
   Fragile:   It will be destroyed if unequipped.
Missiles
 d - 3 throwing nets
 e - a javelin
 k - 16 poisoned darts (quivered)
 x - 6 boomerangs of dispersal
 y - 2 boomerangs
Armour
 b - a +0 leather armour
 c - a +0 helmet
 f - a +0 plate armour (worn)
 o - a +2 helmet (worn)
 D - a +2 ring mail of fire resistance
Magical Staves
 l - a staff of cold
Jewellery
 m - an amulet of regeneration (around neck)
 p - a ring of see invisible (left hand)
Wands
 h - a wand of roots (7)
Scrolls
 g - a scroll of silence
 i - 3 scrolls of vulnerability
 q - a scroll of teleportation
 u - a scroll of enchant weapon
 E - a scroll of magic mapping
Potions
 j - a potion of curing
 s - a potion of lignification {unknown}
 t - 2 potions of haste
 z - 2 potions of resistance
 A - a potion of brilliance
 B - a potion of heal wounds {unknown}
 C - a potion of mutation {unknown}


   Skills:
 + Level 4.7 Fighting
 + Level 7.5 Axes
 + Level 3.0 Throwing
 + Level 6.6 Armour
 + Level 2.9 Dodging
 + Level 1.1 Stealth


You had 8 spell levels left.
You didn't know any spells.
Your spell library contained the following spells:

 Spells                   Type           Power      Damage    Failure   Level
 Blink                    Tloc           0%         N/A       100%        2
 Lesser Beckoning         Tloc           0%         N/A       100%        3
 Manifold Assault         Tloc           0%         N/A       100%        4
 Fireball                 Conj/Fire      0%         3d3       100%        5
 Starburst                Conj/Fire      0%         6d3       100%        6
 Ignition                 Fire           0%         3d3       100%        8


Dungeon Overview and Level Annotations

Branches:
Dungeon (6/15)             Temple (1/1) D:5

Altars:
Ashenzari
Cheibriados
Gozag
Hepliaklqana
Nemelex Xobeh
Qazlal
Ru
Trog
Uskayaw
Vehumet
Xom
Yredelemnul
The Shining One

Shops:
D:4 (:(*

Annotations:
D:4 jejorda2's ghost, amateur PaBe


Innate Abilities, Weirdness & Mutations

You are immune to sickness and miasma.
Your stone body is resilient. (AC +6)
You are immune to poison.
You resist negative energy. (rN+)
You are resistant to electric shocks. (rElec)
You are resistant to unholy torment.
You are immune to petrification.


Message History

Jejorda2's ghost hits you but does no damage.
You hit jejorda2's ghost.
Jejorda2's ghost is heavily damaged.
Jejorda2's ghost barely misses you.
You closely miss jejorda2's ghost.
Jejorda2's ghost is heavily damaged.
Jejorda2's ghost hits you but does no damage.
You hit jejorda2's ghost but do no damage.
Jejorda2's ghost is heavily damaged.
Jejorda2's ghost hits you!
You barely miss jejorda2's ghost.
Jejorda2's ghost is heavily damaged.
Jejorda2's ghost barely misses you.
You barely miss jejorda2's ghost.
Jejorda2's ghost is heavily damaged.
Jejorda2's ghost hits you but does no damage.
You slash jejorda2's ghost!
Jejorda2's ghost is severely damaged.
Jejorda2's ghost completely misses you.
You hit jejorda2's ghost but do no damage.
Jejorda2's ghost is severely damaged.
Jejorda2's ghost hits you!!
You barely miss jejorda2's ghost.
Jejorda2's ghost is severely damaged.
Jejorda2's ghost hits you.
* * * LOW HITPOINT WARNING * * *
x2 Jejorda2's ghost hits you but does no damage.
You slash jejorda2's ghost!
Jejorda2's ghost is almost destroyed.
Jejorda2's ghost hits you but does no damage.
You barely miss jejorda2's ghost.
Jejorda2's ghost is almost destroyed.
Jejorda2's ghost hits you!
* * * LOW HITPOINT WARNING * * *
x2 You feel better.
Jejorda2's ghost wails, "I have seen your future, and it is all used up."
Jejorda2's ghost hits you.
* * * LOW HITPOINT WARNING * * *
x2 You feel better.
Jejorda2's ghost hits you!
You die...

### ######## #.# .......#
####.# .......###### ###....#
.......##...# #.#.##.####
.......##...######.#.##....#
.......''......W@....#####.#
.......##......#.#..## #.###
.......##....#.#....### #...#
#########....#[.....#.####.###
# #....#.#.##.#......# #
#...........#..##### #
#....###.#.....# # #....#
#.##.#..# # #####....#
#.##....#


You could see jejorda2's ghost.

Vanquished Creatures
  Prince Ribbit (D:5)
  Grinder (D:3)
  Eustachio (D:4)
  A centaur (D:5)
  Blork the orc (D:5)
  A bullfrog (D:5)
  3 scorpions
  A necrophage (D:4)
  A water moccasin zombie (D:6)
  3 bullfrog zombies (D:6)
  A centaur zombie (D:6)
  6 hounds
  A jelly (D:5)
  Jessica (D:1)
  An iguana (D:5)
  A killer bee zombie (D:6)
  Robin (D:1)
  A howler monkey zombie (D:6)
  3 gnolls
  9 adders
  A white imp (D:5)
  An ufetubus (D:6)
  2 worms
  5 dart slugs
  13 orcs
  3 endoplasms
  7 giant cockroaches
  8 goblins
  11 hobgoblins
  2 quokkas
  5 ball pythons
  9 bats
  3 frilled lizards
  5 kobolds
  5 rats
119 creatures vanquished.

Notes
Turn   | Place    | Note
-------+----------+-------------------------------------------
     0 | D:1      | jlumianski the Gargoyle Gladiator began the quest for the
                  | Orb.
     0 | D:1      | Reached XP level 1. HP: 12/12 MP: 1/1
   225 | D:1      | Reached skill level 3 in Axes
   225 | D:1      | Reached XP level 2. HP: 14/17 MP: 2/2
   765 | D:1      | Found a faded altar of an unknown god.
   818 | D:1      | Reached XP level 3. HP: 22/22 MP: 3/3
  1216 | D:3      | Found a hazy altar of Hepliaklqana.
  1305 | D:2      | Reached skill level 1 in Armour
  1423 | D:2      | Noticed Jessica
  1443 | D:1      | Killed Jessica
  1444 | D:1      | Reached XP level 4. HP: 14/27 MP: 4/4
  1762 | D:2      | Noticed Robin
  1809 | D:1      | Killed Robin
  2053 | D:2      | Reached XP level 5. HP: 32/32 MP: 5/5
  2488 | D:3      | Reached skill level 4 in Axes
  2488 | D:3      | Reached XP level 6. HP: 36/37 MP: 6/6
  2697 | D:5      | Entered Level 5 of the Dungeon
  2759 | D:4      | Found Cizaoqum's General Store.
  2877 | D:3      | Noticed Grinder
  2882 | D:3      | Paralysed by Grinder for 4 turns
  2897 | D:3      | Killed Grinder
  2898 | D:3      | Reached XP level 7. HP: 35/42 MP: 7/7
  3198 | D:3      | Reached skill level 5 in Axes
  3404 | D:4      | Found Ithuz's Weapon Shop.
  3522 | D:4      | Found Mihisuer's Book Boutique.
  3563 | D:4      | Identified the +5 long sword of Dithmenos's Delight {vamp,
                  | Fragile Dex+5}
  3589 | D:4      | Found Ygolef's Antique Weapon Shoppe.
  4135 | D:5      | Reached skill level 1 in Stealth
  4149 | D:5      | Noticed Eustachio
  4189 | D:4      | Killed Eustachio
  4190 | D:4      | Reached skill level 6 in Axes
  4190 | D:4      | Reached skill level 5 in Armour
  4190 | D:4      | Reached XP level 8. HP: 48/48 MP: 8/8
  4288 | D:5      | Found a runed translucent gate.
  4288 | D:5      | Noticed jejorda2's ghost (amateur PaBe)
  4289 | D:5      | Found a runed translucent gate.
  4290 | D:5      | Found a runed translucent gate.
  4377 | D:5      | Noticed Blork the orc
  4410 | D:5      | Killed Blork the orc
  4537 | D:5      | Noticed Prince Ribbit
  4547 | D:5      | Killed Prince Ribbit
  4723 | D:5      | Found a staircase to the Ecumenical Temple.
  4740 | Temple   | Entered the Ecumenical Temple
  4825 | Temple   | Became a worshipper of Qazlal Stormbringer
  5003 | D:6      | Reached skill level 7 in Axes
  5004 | D:6      | Found a basalt altar of Yredelemnul.
  5176 | D:5      | Reached XP level 9. HP: 52/52 MP: 9/9
  5678 | D:4      | Slain by jejorda2's ghost

Illustrated notes

Levels and vault maps discovered:
D:1:      dpeg_arrival_concentric_ovals, layout_basic,
          shapermc_ecumenical_altar_pompeii, serial_rivers,
          chequers_serial_rivers_marsh, chequers_serial_rivers_room_b,
          chequers_serial_rivers_room_a, chequers_serial_rivers_large_a
D:2:      layout_loops_corners, uniq_robin, uniq_jessica
D:3:      layout_loops_ring, overflow_temple_1_default, minmay_statues_item,
          uniq_grinder
D:4:      layout_basic, serial_shops, shop, nicolae_shop_bloodbath_and_beyond,
          shop, nicolae_shop_behind_doors, grunt_ministairs_13,
          minmay_crossroads
D:5:      layout_loops_corners, minmay_temple_entry_statues_pillars,
          biasface_ghost_orc_armoury, uniq_blork_the_orc, uniq_eustachio,
          uniq_prince_ribbit1
D:6:      layout_loops_cross, nicolae_yredelemnul_corpse_copse,
          uniq_crazy_yiuf_cottage, uniq_sigmund
Temple:   bh_familiar_temple

Skill      XL: |  1  2  3  4  5  6  7  8 |
---------------+-------------------------+-----
Axes           | 3 4 6 7 |  7.5
Throwing       | 2 3 |  3.0
Armour         | 2 3 4 5 6 |  6.6
Fighting       | 3 4 |  4.7
Stealth        | 1 |  1.1
Dodging        | |  2.9

Action                   |  1- 3 |  4- 6 |  7- 9 || total
-------------------------+-------+-------+-------++-------
Melee: War axe           |    84 |   125 |   229 ||   438
       Punch             |       |     1 |       ||     1
Throw: Javelin           |     1 |       |       ||     1
       Dart              |       |       |     7 ||     7
Evoke: Wand              |       |       |     1 ||     1
  Use: Scroll            |     7 |     3 |     1 ||    11
       Potion            |       |       |     7 ||     7
 Stab: Distracted        |       |     1 |       ||     1
Armor: Plate armour      |    90 |   132 |   193 ||   415
Dodge: Dodged            |    30 |    47 |   104 ||   181

Table legend: (Time is in decaauts)
 A = Elapsed time spent in this place.
 B = Non-inter-level travel time spent in this place.
 C = Inter-level travel time spent in this place.
 D = Time resting spent in this place.
 E = Time spent auto-exploring this place.
 F = Levels seen in this place.
 G = Mean time per level.
                   A        B        C        D        E       F      G
               +--------+--------+--------+--------+--------+-----+--------+
         Total |   5815 |   5728 |     87 |     79 |   3220 |   7 |  830.7 |
       Dungeon |   5693 |   5606 |     87 |     79 |   3220 |   6 |  948.8 |
        Temple |    121 |    121 |      0 |      0 |      0 |   1 |  121.0 |
               +--------+--------+--------+--------+--------+-----+--------+

Top non-repeatable levels by time:
     D:1: 1310 daAuts
     D:5: 1225 daAuts
     D:4: 1151 daAuts
     D:2: 1123 daAuts
     D:3: 738 daAuts
     D:6: 144 daAuts
  Temple: 121 daAuts
